 Dungeon Crawl Stone Soup version 0.25.0-46-gbd7b0854d2 (webtiles) character file.

Game seed: 730864655755885700

628 Descartes the Digger (level 7, -10/40 HPs)
             Began as a Deep Elf Wanderer on July 14, 2020.
             Mangled by an ogre
             ... wielding a +0 giant club
              (17 damage)
             ... on level 3 of the Dungeon.
             The game lasted 00:11:39 (6250 turns).

Descartes the Digger (Deep Elf Wanderer)            Turns: 6250, Time: 00:11:40

Health: -10/40     AC: 11    Str:  7    XL:     7   Next: 23%
Magic:  16/16      EV:  2    Int: 21    God:
Gold:   177        SH:  0    Dex: 14    Spells: 12/16 levels left

rFire    . . .     SeeInvis .   a - +3 quarterstaff
rCold    . . .     Gourm    .   (shield currently unavailable)
rNeg     . . .     Faith    .   F - +0 chain mail (curse)
rPois    .         Spirit   .   (no helmet)
rElec    .         Reflect  .   (no cloak)
rCorr    .         Harm     .   n - +0 pair of gloves
MR       .....                  u - +1 pair of boots
Stlth    ..........             (no amulet)
HPRegen  0.13/turn              (no ring)
MPRegen  0.15/turn              (no ring)

@: lethally poisoned (-10 -> -11)
A: no striking features
a: no special abilities


You were on level 3 of the Dungeon.
You were very hungry.

You visited 1 branch of the dungeon, and saw 4 of its levels.

You collected 177 gold pieces.

Inventory:

Hand Weapons
 a - a +3 quarterstaff (weapon)
 g - a +1 whip of holy wrath
 m - a +1 dagger of draining
 B - a +0 shortbow
Missiles
 e - 57 stones (quivered)
 j - 77 sling bullets
 l - 65 arrows
 o - 8 poisoned darts
 p - 49 bolts
Armour
 d - a +0 robe
 n - a +0 pair of gloves (worn)
 u - a +1 pair of boots (worn)
 F - a cursed +0 chain mail (worn)
Magical Staves
 A - an uncursed staff of air {unknown}
Wands
 y - a wand of disintegration (20)
Scrolls
 h - 3 scrolls of teleportation
 s - 3 scrolls of identify
Potions
 b - a potion of degeneration {unknown}
 c - a potion of lignification
 i - 2 potions of haste
 k - 2 potions of mutation {unknown}
 r - a potion of cancellation {unknown}
 t - a potion of invisibility {unknown}
 v - a potion of heal wounds {unknown}
 w - a potion of stabbing {unknown}
 x - 2 potions of curing {unknown}
 z - a potion of ambrosia {unknown}
 D - a potion of might {unknown}
Comestibles
 f - 7 rations


   Skills:
 - Level 2.4 Fighting
 + Level 2.8 Staves
 - Level 1.0 Throwing
 + Level 1.2 Armour
 + Level 2.8 Dodging
 + Level 3.3 Stealth
 - Level 5.0 Spellcasting
   Level 1.5 Charms
   Level 2.1 Summonings
 - Level 5.0 Earth Magic


You had 12 spell levels left.
You knew the following spells:

 Your Spells              Type           Power        Failure   Level  Hunger
a - Sandblast             Erth           ####..       99%         1    None
b - Stone Arrow           Conj/Erth      ###...       100%        3    ##.....

Your spell library contained the following spells:

 Spells                   Type           Power        Failure   Level  Hunger


Dungeon Overview and Level Annotations

Branches:
Dungeon (4/15)
 Temple: D:4-7

Altars:
Uskayaw
Zin

Shops:
D:3 *   D:4 [


Message History

Your chain mail prevents you from hitting the adder.
You feel sick. The adder bites you but does no damage.
You barely miss the adder.
The adder bites you but does no damage. x2
You hit the adder.
The adder is severely wounded.
The adder bites you but does no damage.
You barely miss the adder.
The adder is severely wounded.
You feel sick.
The adder bites you but does no damage. x2
You hit the adder.
You kill the adder!
You barely miss the ogre. The ogre barely misses you.
You hit the ogre.
The ogre is lightly wounded.
You feel sick. The ogre hits you with a +0 giant club!
* * * LOW HITPOINT WARNING * * *
You hit the ogre.
The ogre is lightly wounded.
The ogre hits you with a +0 giant club!
You die...

#.# #.##...#.......#
#.###########.##..###.....##
#.............###..#..#_#..#
#.###.######### #....##⌠##.#
#.# #.# #..#..###..# #.#
#.###########.........## #.#
#.#........###.##.#####
#.###.########.# #.##.#
#.##...# #@# #.##.# #.##.#.#
#O# #.##.# #.##.#.##
##.###.##.####
#.#..#..#####>..##.##....#
###.###.##....[)...#####.#
###..#.#..####...#### #.#
##...##.##...###### #.#
...###...###....####### #.#
####)..⌠.)....).).....####.#


You could see an ogre.

Vanquished Creatures
  A bullfrog (D:2)
  A scorpion (D:2)
  3 vampire bats
  A hound (D:4)
  An orc priest (D:4)
  Natasha (thrice) (D:3)
  An iguana (D:4)
  2 worker ants (D:3)
  11 adders
  3 worms
  4 leopard geckos
  4 orcs
  11 bats
  6 giant cockroaches
  9 goblins
  6 hobgoblins
  4 jackals
  10 kobolds
  A ball python (D:2)
  9 frilled lizards
  A leopard gecko zombie (D:4)
  7 rats
99 creatures vanquished.

Notes
Turn   | Place    | Note
-------+----------+-------------------------------------------
     0 | D:1      | Descartes the Deep Elf Wanderer began the quest for the
                  | Orb.
     0 | D:1      | Descartes set off with the following items: a +2
                  | quarterstaff, a potion of lignification, a +0 robe, a
                  | ration; and the following spell memorised: Sandblast; and
                  | the following spells available to memorise: Stone Arrow
     0 | D:1      | Reached XP level 1. HP: 13/13 MP: 3/3
   213 | D:1      | Reached skill level 1 in Earth Magic
   424 | D:1      | Reached XP level 2. HP: 9/18 MP: 4/4
  1621 | D:2      | Noticed a scorpion
  1631 | D:2      | Killed a scorpion
  1631 | D:2      | Reached XP level 3. HP: 13/22 MP: 1/6
  1631 | D:2      | Reached XP level 4. HP: 16/27 MP: 1/7
  1783 | D:2      | Reached skill level 1 in Spellcasting
  2041 | D:2      | Noticed a bullfrog
  2047 | D:2      | Killed a bullfrog
  2047 | D:2      | Reached skill level 5 in Earth Magic
  2047 | D:2      | Reached XP level 5. HP: 11/31 MP: 6/10
  2256 | D:2      | Learned a level 3 spell: Stone Arrow
  2743 | D:2      | Found a hide-covered altar of Uskayaw.
  3653 | D:3      | Noticed Natasha
  3661 | D:3      | Killed Natasha
  3661 | D:3      | Reached XP level 6. HP: 31/36 MP: 10/14
  4003 | D:3      | Noticed Natasha
  4011 | D:3      | Killed Natasha
  4487 | D:3      | Noticed Natasha
  4495 | D:3      | Killed Natasha
  4798 | D:3      | Found Zin's Purification Station.
  4800 | D:3      | Found a glowing silver altar of Zin.
  4962 | D:3      | Reached skill level 1 in Armour
  4962 | D:3      | Reached XP level 7. HP: 23/40 MP: 16/16
  5348 | D:4      | Found Ofoy's Armour Emporium.
  5382 | D:4      | Reached skill level 5 in Spellcasting
  6250 | D:3      | Mangled by an ogre

Illustrated notes

Levels and vault maps discovered:
D:1:      nagdon_arrival_double_spiral, layout_basic
D:2:      layout_basic, overflow_temple_1_default, first_ration,
          chequers_serial_rivers_small_3, minmay_distorted
D:3:      minmay_general_purpose_star, layout_loops_ring, zin_purify,
          roderic_batcave, uniq_natasha
D:4:      layout_loops_ring, minmay_temple_entry_drinking_statues, serial_shops,
          shop, kennysheep_generic_room_6

Skill      XL: |  1  2  3  4  5  6  7 |
---------------+----------------------+-----
Earth Magic    | 1 4 5 |  5.0
Spellcasting   | 2 4 5 |  5.0
Stealth        | 2 3 |  3.3
Staves         | 2 |  2.8
Dodging        | 2 |  2.8
Armour         | 1 |  1.2
Fighting       | |  2.4
Throwing       | |  1.0
Charms         | |  1.5
Summonings     | |  2.1

Action                   |  1- 3 |  4- 6 |  7- 9 || total
-------------------------+-------+-------+-------++-------
Melee: Quarterstaff      |    64 |   170 |    41 ||   275
 Cast: Sandblast         |     1 |    32 |       ||    33
  Use: Scroll            |       |     6 |       ||     6
 Stab: Sleeping          |     3 |     6 |       ||     9
       Distracted        |       |     3 |     1 ||     4
  Eat: Chunk             |     1 |    12 |     3 ||    16
Armor: Robe              |    16 |    36 |       ||    52
       Chain mail        |       |   165 |    22 ||   187
Dodge: Dodged            |    46 |   103 |     4 ||   153
